 Dungeon Crawl Stone Soup version 0.22.0-76-g6cd1571672 (webtiles) character file.

135897 Blejac999 the Imperceptible (level 17, -4/99 HPs)
             Began as a Kobold Berserker on Sept 12, 2018.
             Was a High Priest of Trog.
             Slain by a shock serpent (13 damage)
             ... on level 4 of the Snake Pit on Sept 15, 2018.
             The game lasted 02:14:32 (46952 turns).

Blejac999 the Imperceptible (Kobold Berserker)     Turns: 46952, Time: 02:14:32

Health: -4/99      AC: 16    Str: 17    XL:     17   Next: 79%
Magic:  21/21      EV: 26    Int:  9    God:    Trog [*****.]
Gold:   960        SH:  9    Dex: 16    Spells: 16/16 levels left

rFire    + . .     SeeInvis .   T - +6 short sword (protect)
rCold    + + .     Gourm    .   G - +2 buckler
rNeg     . . .     Faith    .   K - +3 leather armour {rC+}
rPois    +         Spirit   .   J - +0 helmet
rElec    +         Reflect  .   u - +0 cloak
rCorr    +         Harm     .   m - +0 pair of gloves
MR       ++++.                  N - +0 pair of boots
Stlth    ++++++++..             F - amulet of the acrobat
HPRegen  1.26/turn              S - ring of poison resistance
MPRegen  0.17/turn              b - ring of Yredelemnul's Hatred {MR+ AC+4}

@: resistant, berserk cooldown, regenerating, hasted and slowed
A: small, carnivore, clumsy 1, frail 1
a: Berserk, Trog's Hand, Brothers in Arms, Renounce Religion


You were on level 4 of the Snake Pit.
You worshipped Trog.
Trog was extremely pleased with you.
You were very hungry.

You visited 5 branches of the dungeon, and saw 27 of its levels.

You collected 2402 gold pieces.
You spent 1442 gold pieces at shops.

Inventory:

Hand Weapons
 d - the +1 rapier "Widowmaker" {freeze, rElec}
   (Trog gifted it to you on level 3 of the Snake Pit)

   It has been specially enchanted to freeze those struck by it, causing extra
   injury to most foes and up to half again as much damage against particularly
   susceptible opponents.
   It can also slow down cold-blooded creatures.
   It insulates you from electricity.
 r - the +7 spear of Conflict {pierce, rElec Int-2 SInv}
   (You found it on level 5 of the Dungeon)

   It inflicts extra damage upon your enemies.
   It affects your intelligence (-2).
   It insulates you from electricity.
   It lets you see invisible.
 O - a +10 antimagic quick blade
 T - a +6 short sword of protection (weapon)
Missiles
 L - a throwing net (quivered)
Armour
 m - a +0 pair of gloves (worn)
 u - a +0 cloak (worn)
 G - a +2 buckler (worn)
 J - a +0 helmet (worn)
 K - a +3 leather armour of cold resistance (worn)
 N - a +0 pair of boots (worn)
 Q - +0 acid dragon scales
Jewellery
 a - an uncursed ring of protection from magic
 b - the ring of Yredelemnul's Hatred (right hand) {MR+ AC+4}
   (You bought it in a shop on level 1 of the Snake Pit)

   [ring of protection]

   It affects your AC (+4).
   It affects your resistance to hostile enchantments.
 e - an uncursed amulet of regeneration
 h - an uncursed ring of see invisible
 o - an uncursed ring of protection from fire
 t - the ring "Umailoo" {rC+ rN+ Dex+4}
   (You bought it in a shop on level 1 of the Snake Pit)

   [ring of positive energy]

   It affects your dexterity (+4).
   It protects you from cold.
   It protects you from negative energy.
 F - an amulet of the acrobat (around neck)
 P - the ring "Feineele" {Fire Str+4}
   (You found it on level 12 of the Dungeon)

   [ring of fire]

   It enhances your fire magic.
   It affects your strength (+4).
   It protects you from fire.
   It makes you vulnerable to cold.
 S - a ring of poison resistance (left hand)
 Y - an uncursed ring of protection from fire
Wands
 j - a wand of digging (21)
 k - a wand of flame (35)
 x - a wand of acid (38)
 y - a wand of polymorph (11)
 C - a wand of disintegration (34)
 M - a wand of random effects (24)
 U - a wand of iceblast (2)
 X - a wand of paralysis (13)
Potions
 f - a potion of haste
 g - a potion of mutation {unknown}
 i - a potion of berserk rage
 s - 4 potions of magic
 w - 2 potions of cancellation
 z - 4 potions of lignification
 A - 5 potions of flight
 B - 2 potions of might
Comestibles
 c - 23 rations


   Skills:
 + Level 13.6 Fighting
 + Level 16.1 Short Blades
 + Level 4.2 Throwing
 + Level 6.9 Armour
 + Level 14.2 Dodging
 * Level 22.1 Stealth
 + Level 8.0 Shields
 + Level 5.4 Evocations


You had 16 spell levels left.
You didn't know any spells.
Your spell library was empty.

Dungeon Overview and Level Annotations

Branches:
Dungeon (13/15)            Temple (0/1) D:5            Lair (6/6) D:11
  Swamp (2/4) Lair:3        Snake (4/4) Lair:3        Slime (0/5) Lair:5
    Orc (2/2) D:9             Elf (0/3) Orc:2        Vaults (0/5) D:13

Altars:
Nemelex Xobeh
Vehumet

Shops:
D:12 %   Snake:1 ===}   Snake:2 [

Annotations:
D:4 1 transporter
Swamp:2 Nikola


Innate Abilities, Weirdness & Mutations

You are small and have problems with some larger weapons.
You are carnivorous and can eat meat at any time.
You are clumsy. (Dex -2)
You are frail. (-10% HP)


Message History

The shock serpent bites you!
* * * LOW HITPOINT WARNING * * *
The shock serpent shocks you. You resist.
* * * LOW HITPOINT WARNING * * *
The guardian serpent hits you but does no damage.
You block the shock serpent's attack.
The guardian serpent completely misses you.
Your skin crawls.
You feel resistant to hostile enchantments.
You are feeling very hungry.
The shock serpent misses you.
The guardian serpent closely misses you.
The shock serpent closely misses you.
You block the guardian serpent's attack.
You feel yourself speed up. You block the shock serpent's attack.
The guardian serpent casts a spell at you.
The bolt of poison hits you! You resist.
* * * LOW HITPOINT WARNING * * *
The shock serpent bites you!
You die...

.........#...)'..## ...##..
.........#....#...##''##...
########.#....#............
'...##.###...##.....##.....
#.....###....#...........##
##.....##....##.........##
#......'#.... #.....)...#
#..(..#########))S......#
##''###......[(.@S......#
(..([...[...((((........#
.(()#####(..(###.####...#
.[))#(..######.###..#...#
..).'<.........(....#...#
!...##............###...#
.....##((..........##...#
...).#..............#...#
.....##.....###.....#...#


You could see a shock serpent and a guardian serpent.

Vanquished Creatures
  Vashnia (Snake:4)
  Kirke (Lair:4)
  5 nagarajas
  Snorg (D:12)
  Josephine (Lair:5)
  An ogre mage (D:12)
  A fire dragon (Lair:6)
  3 vault guards
  8 hydras
  7 naga warriors
  Harold (Lair:2)
  A centaur warrior (D:13)
  2 alligators (Swamp:1)
  9 two-headed ogres
  8 anacondas
  9 shock serpents
  7 naga sharpshooters
  Nergalle (D:10)
  Sonja (Lair:5)
  5 skeletal warriors (D:12)
  2 salamander mystics
  An unseen horror (D:10)
  10 naga ritualists
  Pikel (D:9)
  A lindwurm (Lair:6)
  4 orc knights
  11 mana vipers
  3 ugly things
  A manticore (D:11)
  10 salamanders
  Joseph (Lair:1)
  A deep elf mage (D:13)
  11 elephants
  3 cyclopes
  3 guardian serpents (Snake:3)
  5 naga magi
  30 black mambas
  3 molten gargoyles (Lair:6)
  6 spiny frogs
  2 centaur zombies
  2 rime drakes
  3 kobold demonologists
  6 komodo dragons
  3 trolls
  3 slime creatures (Swamp:1)
  3 tyrant leeches (Swamp:1)
  2 hornets
  13 blink frogs
  2 bog bodies (Swamp:1)
  6 hippogriffs
  3 shadows (D:12)
  Sigmund (D:3)
  3 spriggans
  5 wraiths
  6 wyverns
  39 yaks
  2 hogs (Lair:4)
  4 steam dragons
  3 hungry ghosts
  10 vampire mosquitoes (Swamp:1)
  5 basilisks
  3 swamp worms (Swamp:1)
  12 insubstantial wisps
  Menkaure (D:6)
  A warg (Orc:1)
  An acid dragon (D:11)
  38 nagas
  A warg (shapeshifter) (D:11)
  5 hell hounds (Lair:6)
  8 water moccasins
  10 porcupines
  2 swamp drakes (Swamp:1)
  16 orc warriors
  4 ice beasts
  4 sky beasts
  4 phantoms
  33 wolves
  A necrophage (D:13)
  9 ogres
  A centaur (D:13)
  12 crocodiles
  3 big kobolds
  16 bullfrogs
  A wyvern skeleton (D:10)
  2 scorpions
  14 killer bees
  3 wights (D:9)
  6 howler monkeys
  2 electric eels (Lair:2)
  4 lava snakes (Lair:6)
  4 crimson imps
  7 hounds
  A bullfrog zombie (D:12)
  7 jellies
  2 centaur skeletons
  10 orc priests
  A bullfrog skeleton (D:9)
  15 orc wizards
  Crazy Yiuf (D:6)
  2 iguanas
  10 worker ants
  A hound skeleton (D:7)
  A mummy (D:6)
  5 gnolls
  10 adders
  A shadow imp (D:5)
  2 oozes (Lair:5)
  2 adder skeletons (D:5)
  3 worms (D:2)
  A leopard gecko (D:6)
  58 orcs
  2 giant cockroaches
  7 goblins
  3 hobgoblins
  6 jackals
  14 kobolds
  5 quokkas
  4 ball pythons
  4 bats
  A hobgoblin zombie (D:6)
  A kobold zombie (D:6)
  2 orc zombies (D:6)
  4 quokka skeletons
  10 rats
  A plant (Lair:6)
731 creatures vanquished.

Vanquished Creatures (collateral kills)
  A swamp dragon (Swamp:1)
  A spiny frog (Swamp:1)
  A tyrant leech (Swamp:1)
3 creatures vanquished.

Vanquished Creatures (others)
  A human (Lair:5)
  A hog (Lair:5)
  A centaur zombie (D:9)
  10 fungi
  8 plants
21 creatures vanquished.

Grand Total: 755 creatures vanquished

Notes
Turn   | Place    | Note
-------+----------+-------------------------------------------
     0 | D:1      | Blejac999 the Kobold Berserker began the quest for the Orb.
     0 | D:1      | Reached XP level 1. HP: 14/14 MP: 1/1
    26 | D:1      | Reached XP level 2. HP: 17/19 MP: 2/2
   253 | D:1      | Reached skill level 1 in Stealth
   631 | D:2      | Reached XP level 3. HP: 21/23 MP: 3/3
  1418 | D:2      | Reached skill level 2 in Stealth
  1934 | D:3      | Reached XP level 4. HP: 29/29 MP: 4/4
  1940 | D:3      | Reached ** piety under Trog
  2285 | D:3      | Reached skill level 5 in Short Blades
  2540 | D:3      | Noticed Sigmund
  2545 | D:3      | Killed Sigmund
  2545 | D:3      | Reached skill level 4 in Stealth
  2545 | D:3      | Reached XP level 5. HP: 33/33 MP: 5/5
  2545 | D:3      | Reached XP level 6. HP: 38/38 MP: 6/6
  2707 | D:3      | Reached skill level 5 in Stealth
  2896 | D:4      | Found a transporter.
  2920 | D:4      | Found a transporter.
  2973 | D:4      | Noticed a phantom
  3007 | D:4      | Killed a phantom
  3007 | D:4      | Reached XP level 7. HP: 16/43 MP: 7/7
  3180 | D:4      | Reached skill level 6 in Stealth
  4162 | D:4      | Reached XP level 8. HP: 42/48 MP: 8/8
  4500 | D:5      | Entered Level 5 of the Dungeon
  4546 | D:5      | Reached skill level 7 in Stealth
  4910 | D:5      | Got a bloodstained spear
  4911 | D:5      | Identified the +7 spear of Conflict {pierce, rElec Int-2
                  | SInv} (You found it on level 5 of the Dungeon)
  4967 | D:5      | Found a staircase to the Ecumenical Temple.
  5048 | D:5      | Found a sparkling altar of Nemelex Xobeh.
  5050 | D:5      | Reached skill level 8 in Stealth
  5216 | D:6      | Reached *** piety under Trog
  5216 | D:6      | Reached skill level 1 in Evocations
  5299 | D:6      | Found a runed door.
  5525 | D:6      | Noticed Menkaure
  5536 | D:6      | Killed Menkaure
  6137 | D:6      | Reached skill level 9 in Stealth
  6137 | D:6      | Reached XP level 9. HP: 53/53 MP: 8/10
  6625 | D:6      | Noticed Crazy Yiuf
  6629 | D:6      | Killed Crazy Yiuf
  6722 | D:7      | Reached skill level 5 in Fighting
  7080 | D:7      | Reached skill level 10 in Stealth
  7175 | D:7      | Reached skill level 5 in Dodging
  7867 | D:8      | Found a radiant altar of Vehumet.
  8918 | D:8      | Reached **** piety under Trog
  9041 | D:8      | Reached skill level 11 in Stealth
  9112 | D:8      | Reached XP level 10. HP: 60/60 MP: 12/12
  9414 | D:9      | Noticed Pikel
  9730 | D:9      | Found a staircase to the Orcish Mines.
  9786 | D:9      | Killed Pikel
 10021 | D:9      | Reached skill level 10 in Short Blades
 10111 | D:9      | Reached skill level 12 in Stealth
 10375 | D:9      | Noticed a two-headed ogre
 10640 | D:9      | Killed a two-headed ogre
 10640 | D:9      | Reached XP level 11. HP: 67/67 MP: 13/13
 10753 | D:10     | Entered Level 10 of the Dungeon
 10774 | D:10     | Noticed a purple ugly thing
 10782 | D:10     | Noticed a two-headed ogre
 10783 | D:10     | Killed a purple ugly thing
 10791 | D:10     | Killed a two-headed ogre
 11046 | D:10     | Noticed a two-headed ogre
 11050 | D:10     | Killed a two-headed ogre
 11050 | D:10     | Reached skill level 5 in Armour
 11050 | D:10     | Reached skill level 13 in Stealth
 11057 | D:10     | Noticed an unseen horror
 11061 | D:10     | Killed an unseen horror
 11061 | D:10     | Reached ***** piety under Trog
 11193 | D:10     | Noticed Nergalle
 11225 | D:10     | Killed Nergalle
 11713 | D:11     | Noticed a brown ugly thing
 11718 | D:11     | Killed a brown ugly thing
 11736 | D:11     | Noticed a manticore
 11738 | D:11     | Found a staircase to the Lair.
 11742 | D:11     | Killed a manticore
 11742 | D:11     | Received a gift from Trog
 11876 | D:11     | Reached skill level 14 in Stealth
 11997 | D:11     | Reached XP level 12. HP: 75/75 MP: 14/14
 12306 | Lair:1   | Entered Level 1 of the Lair of Beasts
 12742 | Lair:1   | Noticed a five-headed hydra
 12746 | Lair:1   | Killed a five-headed hydra
 12746 | Lair:1   | Reached skill level 15 in Stealth
 12968 | Lair:1   | Noticed Joseph
 12975 | Lair:1   | Killed Joseph
 13241 | Lair:1   | Received a gift from Trog
 14333 | Lair:2   | Noticed Harold
 14339 | Lair:2   | Killed Harold
 14339 | Lair:2   | Reached skill level 16 in Stealth
 15290 | Lair:3   | Found a staircase to the Snake Pit.
 15751 | Lair:3   | Found a staircase to the Swamp.
 16091 | Lair:3   | Reached skill level 1 in Shields
 16808 | Lair:4   | Got a distressingly furry ring mail
 16819 | Lair:4   | Identified the cursed +1 ring mail "Duiliomn" {rN+ MR-
                  | rCorr} (You found it on level 4 of the Lair of Beasts)
 16855 | Lair:4   | Noticed an eight-headed hydra
 16862 | Lair:4   | Killed an eight-headed hydra
 16862 | Lair:4   | Reached skill level 17 in Stealth
 16862 | Lair:4   | Reached XP level 13. HP: 80/80 MP: 15/15
 17080 | Lair:4   | Noticed an eight-headed hydra
 17678 | D:12     | Found Ipsofik's Food Shoppe.
 17692 | D:12     | Noticed Snorg
 17833 | D:12     | Gained mutation: You are clumsy. (Dex -2) [a neqoxec]
 17839 | D:12     | Gained mutation: You are frail. (-10% HP) [a neqoxec]
 17964 | D:12     | Killed Snorg
 18018 | D:12     | Reached skill level 1 in Throwing
 18754 | D:12     | Got a crude golden ring
 19447 | D:12     | Received a gift from Trog
 19838 | D:12     | Reached skill level 10 in Fighting
 19905 | D:12     | Reached skill level 10 in Dodging
 20061 | D:12     | Noticed an ogre mage
 20087 | D:12     | Killed an ogre mage
 20101 | D:12     | Reached skill level 18 in Stealth
 20257 | D:12     | Reached XP level 14. HP: 64/79 MP: 16/16
 21126 | D:13     | Found a gate to the Vaults.
 22279 | Orc:1    | Entered Level 1 of the Orcish Mines
 22291 | Orc:1    | Found Xepeghil's Book Emporium.
 23206 | Orc:2    | Entered Level 2 of the Orcish Mines
 24751 | Orc:2    | Found a staircase to the Elven Halls.
 25939 | Lair:4   | Received a gift from Trog
 26343 | Lair:4   | Reached skill level 19 in Stealth
 27228 | Lair:5   | Noticed Sonja
 27421 | Lair:5   | Noticed Kirke
 27453 | Lair:5   | HP: 1/81 [rime drake/flash freeze (5)]
 27463 | Lair:4   | HP: 3/81 [rime drake/flash freeze (6)]
 27690 | Lair:4   | Identified the ring "Feineele" {Fire Str+4} (You found it
                  | on level 12 of the Dungeon)
 27942 | Lair:4   | Killed Kirke
 27949 | Lair:4   | Reached XP level 15. HP: 37/85 MP: 17/17
 28204 | Lair:5   | Noticed Josephine
 28529 | Lair:5   | Found a staircase to the Slime Pits.
 28602 | Lair:5   | Killed Sonja
 28796 | Lair:5   | Received a gift from Trog
 29131 | Lair:5   | Killed Josephine
 29541 | Lair:6   | Entered Level 6 of the Lair of Beasts
 29555 | Lair:5   | Reached skill level 5 in Shields
 31278 | Lair:6   | Reached skill level 20 in Stealth
 31464 | Lair:6   | Found a large runed door.
 31467 | Lair:6   | Found a large runed door.
 32832 | Lair:5   | Upgraded the game from 0.22.0-75-g3901e7991e to
                  | 0.22.0-76-g6cd1571672
 32887 | Swamp:1  | Entered Level 1 of the Swamp
 33649 | Swamp:2  | Noticed Nikola
 33685 | Swamp:1  | Received a gift from Trog
 33773 | Swamp:1  | Reached skill level 15 in Short Blades
 34463 | Swamp:1  | Reached XP level 16. HP: 42/90 MP: 19/19
 34483 | Swamp:1  | HP: 4/90 [poisoned by a swamp dragon (poison gas)]
 34484 | Swamp:1  | HP: 1/90 [poisoned by a swamp dragon (poison gas)]
 35498 | Snake:1  | Entered Level 1 of the Snake Pit
 36482 | Snake:1  | Found Murrit Xenye's Jewellery Shoppe.
 37206 | Snake:1  | Bought the ring of Yredelemnul's Hatred {MR+ AC+4} for 631
                  | gold pieces
 37206 | Snake:1  | Bought the ring "Umailoo" {rC+ rN+ Dex+4} for 551 gold
                  | pieces
 37331 | Snake:1  | Found Beusomat's Gadget Shop.
 37331 | Snake:1  | Found Rinutah's Jewellery Shoppe.
 37622 | Snake:1  | Found Higotorch's Jewellery Shoppe.
 37702 | Snake:1  | Bought an uncursed ring of poison resistance for 260 gold
                  | pieces
 38760 | Snake:2  | Received a gift from Trog
 39259 | Snake:2  | Found Qymyss's Antique Armour Boutique.
 39462 | Snake:2  | Reached skill level 21 in Stealth
 40041 | Snake:3  | Noticed a nagaraja
 40160 | Snake:3  | Killed a nagaraja
 40744 | Snake:3  | Identified a scroll of acquirement
 40745 | Snake:3  | Got a pair of heavily runed gloves
 40756 | Snake:3  | Identified the +0 pair of gloves of Limited Liability
                  | {Str-2 Int+4} (You acquired it on level 3 of the Snake Pit)
 41160 | Snake:4  | Entered Level 4 of the Snake Pit
 41694 | Snake:4  | Reached XP level 17. HP: 55/97 MP: 20/20
 42709 | Snake:4  | Noticed Vashnia
 42915 | Snake:4  | Killed Vashnia
 42915 | Snake:4  | Reached skill level 5 in Evocations
 44853 | Snake:3  | Received a gift from Trog
 44856 | Snake:3  | Got a shimmering rapier {god gift}
 44857 | Snake:3  | Identified the +1 rapier "Widowmaker" {freeze, rElec} (Trog
                  | gifted it to you on level 3 of the Snake Pit)
 45004 | Snake:4  | Reached skill level 22 in Stealth
 46628 | Snake:4  | HP: 4/98 [shock serpent/bolt of electricity (6)]
 46952 | Snake:4  | Slain by a shock serpent

Skill      XL: |  1  2  3  4  5  6  7  8  9 10 11 12 13 14 15 16 17 |
---------------+----------------------------------------------------+-----
Stealth        | 1 2 4 5 6 9 11 12 14 17 18 19 20 21 22 | 22.1
Short Blades   | 5 6 7 9 10 12 13 14 15 16 | 16.1
Fighting       | 4 5 7 8 9 10 11 12 13 | 13.6
Armour         | 2 3 4 5 6 |  6.9
Dodging        | 3 4 5 7 8 9 10 11 12 13 14 | 14.2
Evocations     | 1 2 3 4 5 |  5.4
Shields        | 1 3 4 5 7 8 |  8.0
Throwing       | 3 4 |  4.2

Action                   |  1- 3 |  4- 6 |  7- 9 | 10-12 | 13-15 | 16-18 || total
-------------------------+-------+-------+-------+-------+-------+-------++-------
Melee: Short sword       |    74 |    88 |   346 |   593 |  1945 |  1275 ||  4321
       Spear             |       |       |     4 |       |       |       ||     4
       Dagger            |       |       |     1 |       |       |       ||     1
       Quick blade       |       |       |       |       |    33 |       ||    33
       Rapier            |       |       |       |       |       |    42 ||    42
 Fire: Blowgun           |       |       |       |       |    21 |       ||    21
Throw: Tomahawk          |       |       |       |       |     7 |       ||     7
       Throwing net      |       |       |       |       |     3 |     2 ||     5
Invok: Berserk           |     5 |     6 |    16 |    26 |    64 |    46 ||   163
       Trog's Hand       |       |       |     1 |       |     1 |     4 ||     6
       Brothers in Arms  |       |       |       |       |     1 |     1 ||     2
Evoke: Wand              |       |       |    25 |     3 |    48 |    24 ||   100
  Use: Scroll            |     3 |     3 |     9 |     6 |     6 |     3 ||    30
       Potion            |     3 |     2 |     7 |     1 |    11 |     8 ||    32
 Stab: Sleeping          |     6 |     2 |    25 |    26 |    31 |    16 ||   106
       Distracted        |       |       |       |     3 |     9 |     9 ||    21
       Paralysed         |       |       |       |       |     2 |       ||     2
       Held in net/web   |       |       |       |       |     2 |     3 ||     5
  Eat: Chunk             |    15 |     9 |    34 |    61 |   111 |    41 ||   271
       Ration            |       |       |       |       |     2 |    21 ||    23
Armor: Animal skin       |     3 |       |       |       |       |       ||     3
       Leather armour    |     3 |     8 |    31 |    31 |   224 |   146 ||   443
Dodge: Dodged            |    45 |    64 |   197 |   262 |  1225 |   672 ||  2465
Block: Buckler           |       |       |       |    37 |   538 |   345 ||   920
